 Dungeon Crawl Stone Soup version 0.16-a0-3304-g6b2d168 (webtiles) character file.

1716 MikePXP the Covert (level 8, -6/36 HPs)
             Began as a Spriggan Wizard on Dec 25, 2014.
             Was an Initiate of Vehumet.
             Shot with an arrow by a centaur (11 damage)
             ... on level 6 of the Dungeon.
             The game lasted 00:42:45 (8963 turns).

MikePXP the Covert (Spriggan Wizard)                Turns: 8963, Time: 00:42:45

Health: -6/36      AC:  4    Str:  4    XL:     8   Next: 74%
Magic:  18/27      EV: 23    Int: 20    God:    Vehumet [......]
Gold:   270        SH:  0    Dex: 15    Spells: 5 memorised, 11 levels left

rFire  . . .     SeeInvis +     (no weapon)
rCold  . . .     Clarity  .     a - +0 robe
rNeg   . . .     SustAb   .     (shield restricted)
rPois  .         Gourm    .     h - +2 hat
rElec  .         Spirit   .     (no cloak)
rCorr  .         Warding  .     (gloves unavailable)
rMut   .         Stasis   .     (boots unavailable)
MR     +....                    (no amulet)
Stlth  +++++.....               (no ring)
                                (no ring)

@: very slightly contaminated, very quick, somewhat resistant to hostile
enchantments, quite stealthy
A: unfitting armour, see invisible, herbivore 3, speed 3, slow metabolism 2
a: Renounce Religion


You were on level 6 of the Dungeon.
You worshipped Vehumet.
Vehumet was noncommittal.
You were very hungry.

You visited 2 branches of the dungeon, and saw 7 of its levels.

You collected 270 gold pieces.

Inventory:

Hand weapons
 l - a +0 dagger of speed
Missiles
 j - 90 arrows
 k - 15 poisoned arrows
Armour
 a - a +0 robe (worn)
 h - a +2 hat (worn)
Jewellery
 b - a cursed amulet of inaccuracy {unknown}
 n - a cursed ring of loudness {unknown}
 y - an uncursed ring of protection from magic {unknown}
Magical devices
 i - a wand of confusion (30)
 p - a wand of teleportation (4)
 x - a wand of fire (0)
Scrolls
 e - a scroll of noise
 m - a scroll of magic mapping
 v - 4 scrolls of identify
 w - a scroll of remove curse {unknown}
 B - a scroll of fear {unknown}
Potions
 f - a potion of mutation {unknown}
 g - a potion of agility
 o - 2 potions of might {unknown}
 q - a potion of flight {unknown}
 r - a potion of cure mutation {unknown}
 s - 4 potions of curing {unknown}
 t - a potion of poison {unknown}
 z - a potion of lignification {unknown}
Books
 c - a book of Minor Magic

   Spells                             Type                      Level
   a - Magic Dart                     Conjuration                  1
   b - Blink                          Translocation                2
   c - Call Imp                       Summoning                    2
   d - Repel Missiles                 Charms/Air                   2
   e - Slow                           Hexes                        2
   f - Conjure Flame                  Conjuration/Fire             3
   g - Mephitic Cloud                 Conjuration/Poison/Air       3
Comestibles
 d - 7 bread rations
 u - 3 fruits
 A - a slice of pizza


   Skills:
 + Level 8.2 Dodging
 + Level 8.7 Stealth
 * Level 7.5 Spellcasting
 - Level 4.0 Conjurations
   Level 0.7 Summonings
 - Level 1.5 Translocations
 - Level 4.4 Evocations


You had 11 spell levels left.
You knew the following spells:

 Your Spells              Type           Power        Failure   Level  Hunger
a - Magic Dart            Conj           ###.         1%          1    None
b - Blink                 Tloc           N/A          10%         2    None
c - Mephitic Cloud        Conj/Pois/Air  ##......     17%         3    None
d - Conjure Flame         Conj/Fire      ###.....     14%         3    None
e - Repel Missiles        Chrm/Air       #.....       17%         2    None


Dungeon Overview and Level Annotations

Branches:
Dungeon (6/15)             Temple (1/1) D:5

Altars:
Cheibriados
Dithmenos
Elyvilon
Gozag
Okawaru
Qazlal
Ru
Sif Muna
Trog
Vehumet
The Shining One


Innate Abilities, Weirdness & Mutations

You are tiny and cannot use many weapons and most armour.
You have supernaturally acute eyesight.
You are a herbivore.
You cover ground extremely quickly.
You need consume almost no food.


Message History

Casting: Mephitic Cloud
Confirm with . or Enter, or press ? or * to list all spells.
Aiming: Mephitic Cloud
Press: ? - help, Shift-Dir - straight line, f - centaur
Aim: a centaur, wielding a shortbow (severely wounded)
You miscast Mephitic Cloud.
Your vision is briefly tinged with green.
The centaur shoots an arrow.
The arrow hits you!
* * * LOW HITPOINT WARNING * * *
The centaur shoots an arrow.
The arrow hits you but does no damage.
Casting: Mephitic Cloud
Confirm with . or Enter, or press ? or * to list all spells.
Aiming: Mephitic Cloud
Press: ? - help, Shift-Dir - straight line, f/p - centaur
Aim: a centaur, wielding a shortbow (severely wounded)
The ball explodes into a vile cloud!
The stinking cloud engulfs the centaur.
The centaur is severely wounded.
The centaur is engulfed in noxious fumes.
The centaur shoots an arrow.
The arrow hits you!
You die...

..# #.#..(.# #.#
#.##.#.# ###.#
#.##.#.# . ...#
#[##.#c#
..##.##..##
#.##.#.# ........
..##.#.#
#.##.##..# #.#.#
. .?........#####
#.#.# .
............@.#
#.#.# ###
.#.##.##c######
#.#†# #.##.#
#.##.########.#.#
.....#
#.##..........(.#
#.#..#
#.###########.###
#.#..# #.# #.#
.....# ##.# #.#
.....#.##.# ###.#
#......##.# #...#


You could see a centaur.

Vanquished Creatures
  2 sky beasts (D:4)
  2 phantoms
  The ghost of Phlounder the Skirmisher, an average FoWn (D:3)
  2 ogres (D:4)
  Duvessa (D:4)
  Blork the orc (D:6)
  A wyvern skeleton (D:6)
  2 scorpions
  Dowan (D:4)
  2 goliath beetles (D:6)
  3 hounds
  A jelly (D:6)
  3 giant frog skeletons
  An orc priest (D:5)
  2 orc wizards (D:5)
  4 worker ants
  A killer bee zombie (D:5)
  Ijyb (D:3)
  A worker ant zombie (D:5)
  6 gnolls
  7 adders
  2 giant mites
  3 worms
  An adder skeleton (D:6)
  5 giant geckos
  An ooze (D:1)
  9 orcs
  2 ball pythons (D:2)
  9 bats
  A bat skeleton (D:4)
  A bat zombie (D:5)
  14 hobgoblins
  2 quokkas (D:4)
  4 giant cockroaches
  A giant gecko skeleton (D:6)
  4 giant newts
  11 goblins
  5 jackals
  13 kobolds
  16 rats
149 creatures vanquished.

Notes
Turn   | Place    | Note
--------------------------------------------------------------
     0 | D:1      | MikePXP, the Spriggan Wizard, began the quest for the Orb.
     0 | D:1      | Reached XP level 1. HP: 9/9 MP: 6/6
   290 | D:1      | Reached skill level 1 in Conjurations
   582 | D:1      | Reached XP level 2. HP: 13/13 MP: 0/9
  1493 | D:1      | Reached XP level 3. HP: 13/16 MP: 5/12
  2242 | D:2      | Found a stormy altar of Qazlal.
  2413 | D:2      | Learned a level 2 spell: Blink
  2417 | D:2      | Learned a level 3 spell: Mephitic Cloud
  2421 | D:2      | Learned a level 3 spell: Conjure Flame
  2600 | D:2      | Reached XP level 4. HP: 21/21 MP: 10/15
  2973 | D:3      | Noticed Phlounder's ghost (average FoWn)
  3393 | D:3      | Found a sacrificial altar of Ru.
  3488 | D:3      | Killed Phlounder's ghost
  3488 | D:3      | Reached XP level 5. HP: 24/24 MP: 1/18
  3686 | D:3      | Reached skill level 1 in Evocations
  3821 | D:4      | Noticed Ijyb
  3892 | D:3      | Killed Ijyb
  4023 | D:4      | Noticed an ogre
  4035 | D:4      | Killed an ogre
  4035 | D:4      | Reached XP level 6. HP: 28/28 MP: 3/20
  4249 | D:4      | Found an opulent altar of Gozag.
  4340 | D:4      | Noticed Duvessa
  4362 | D:4      | Noticed Dowan
  4383 | D:4      | Noticed a phantom
  4569 | D:4      | Killed Duvessa
  4576 | D:4      | Killed Dowan
  4688 | D:4      | Noticed an ogre
  4700 | D:4      | Killed an ogre
  4700 | D:4      | Reached skill level 5 in Dodging
  4700 | D:4      | Reached skill level 5 in Stealth
  4700 | D:4      | Reached XP level 7. HP: 32/32 MP: 10/21
  4937 | D:4      | Killed a phantom
  5084 | D:4      | Noticed a sky beast
  5136 | D:4      | Killed a sky beast
  5136 | D:4      | Reached skill level 6 in Dodging
  5569 | D:5      | Entered Level 5 of the Dungeon
  5819 | D:4      | Reached skill level 5 in Spellcasting
  5868 | D:4      | Reached skill level 7 in Stealth
  5977 | D:5      | Upgraded the game from 0.16-a0-3295-gb88e9a2 to 0.16-a0-3304-g6b2d168
  5980 | D:5      | Learned a level 2 spell: Repel Missiles
  5984 | D:5      | Reached XP level 8. HP: 32/36 MP: 16/24
  6557 | D:5      | Found a staircase to the Ecumenical Temple.
  6566 | Temple   | Entered the Ecumenical Temple
  6633 | Temple   | Became a worshipper of Vehumet
  7066 | D:5      | Found a bloodstained altar of Trog.
  7345 | D:6      | Noticed Blork the orc
  7353 | D:6      | Reached skill level 8 in Stealth
  7394 | D:6      | Killed Blork the orc
  7555 | D:6      | Found a white marble altar of Elyvilon.
  8963 | D:6      | Shot with an arrow by a centaur

Action                   |  1- 3 |  4- 6 |  7- 9 || total
-------------------------+-------+-------+-------++-------
Melee: Unarmed           |     1 |       |    17 ||    18
 Cast: Magic Dart        |   124 |   143 |   366 ||   633
       Mephitic Cloud    |       |     6 |    10 ||    16
       Conjure Flame     |       |     1 |     8 ||     9
       Repel Missiles    |       |       |     1 ||     1
Evoke: Wand              |       |       |     2 ||     2
  Use: Scroll            |     5 |     1 |     1 ||     7
       Potion            |     1 |     1 |       ||     2
  Eat: Pizza             |       |       |     2 ||     2
       Royal jelly       |       |       |     1 ||     1
